 Dungeon Crawl Stone Soup version 0.27.1 (webtiles) character file.

Game seed: 14637115005345427727

158 pikapanic123 the Shield-Bearer (level 5, -4/49 HPs)
             Began as a Deep Dwarf Fighter on Sept 5, 2021.
             Killed from afar by Ijyb (6 damage)
             ... with a puff of flame
             ... on level 3 of the Dungeon.
             The game lasted 00:04:06 (1987 turns).

pikapanic123 the Shield-Bearer (Deep Dwarf Fighter) Turns: 1987, Time: 00:04:07

Health: -4/49      AC:  8    Str: 20    XL:     5   Next: 16%
Magic:  0/5        EV:  7    Int:  9    God:
Gold:   106        SH: 10    Dex: 12    Spells: 4/4 levels left

rFire    . . .     SeeInvis .   a - +0 war axe
rCold    . . .     Faith    .   c - +0 kite shield
rNeg     . . .     Spirit   +   b - +0 scale mail
rPois    .         Reflect  .   (no helmet)
rElec    .         Harm     .   (no cloak)
rCorr    .         Rampage  .   h - +0 pair of gloves
Will     .....                  (no boots)
Stlth    ..........             g - amulet of guardian spirit
HPRegen  0.00/turn              (no ring)
MPRegen  0.09/turn              (no ring)

@: no status effects
A: damage resistance, heal wounds, sense surroundings 1, no regeneration
a: Heal Wounds


You were on level 3 of the Dungeon.
You visited 1 branch of the dungeon, and saw 3 of its levels.

You collected 106 gold pieces.

Inventory:

Hand Weapons
 a - a +0 war axe (weapon)
 i - a +3 short sword
 j - a +0 mace of draining
Armour
 b - a +0 scale mail (worn)
 c - a +0 kite shield (worn)
 h - a +0 pair of gloves (worn)
Jewellery
 g - an amulet of guardian spirit (around neck)
Potions
 d - a potion of might
 f - a potion of mutation {unknown}


   Skills:
 + Level 3.0 Fighting
 + Level 3.1 Axes
 + Level 4.4 Armour
 + Level 0.6 Dodging
 + Level 4.8 Shields


You had 4 spell levels left.
You didn't know any spells.
Your spell library contained the following spells:

 Spells                   Type           Power      Damage    Failure   Level
 Static Discharge         Conj/Air       0%         N/A       99%         2
 Dispel Undead            Necr           0%         3d6       100%        4
 Sticky Flame             Conj/Fire      0%         2d3       100%        4


Dungeon Overview and Level Annotations

Branches:
Dungeon (3/15)

Altars:
Elyvilon
Wu Jian

Annotations:
D:3 Ijyb


Innate Abilities, Weirdness & Mutations

You are resistant to damage.
You can heal yourself by infusing magical energy.
You passively map a small area around you.
You do not regenerate.


Message History

You hit Ijyb.
Ijyb is moderately wounded.
You hit the quokka but do no damage. Ijyb hits you but does no damage.
You block the quokka's attack. Ijyb barely misses you.
You hit Ijyb but do no damage.
Ijyb is moderately wounded.
You closely miss the quokka. The quokka bites you.
Ijyb zaps a wand.
The puff of flame hits you. You block the quokka's attack.
You block Ijyb's attack.
You closely miss Ijyb.
Ijyb is moderately wounded.
You slash the quokka!
You kill the quokka!
Ijyb zaps a wand.
The puff of flame hits you.
You hit Ijyb but do no damage.
Ijyb is moderately wounded.
Ijyb hits you with a +0 club. You block Ijyb's attack.
Your scale mail prevents you from hitting Ijyb.
Ijyb is moderately wounded.
Ijyb barely misses you.
You hit Ijyb but do no damage.
Ijyb is moderately wounded.
Ijyb zaps a wand.
The puff of flame hits you!
* * * LOW HITPOINT WARNING * * *
You block Ijyb's attack.
You closely miss Ijyb.
Ijyb is moderately wounded.
Ijyb zaps a wand.
The puff of flame hits you.
* * * LOW HITPOINT WARNING * * *
You closely miss Ijyb.
Ijyb is moderately wounded.
Ijyb hits you with a +0 club. Ijyb hits you but does no damage.
You closely miss Ijyb.
Ijyb is moderately wounded.
You hear the slow rusting of a very distant drain.
Ijyb hits you with a +0 club. You block Ijyb's attack.
You slash Ijyb!
Ijyb is severely wounded.
Ijyb zaps a wand.
The puff of flame hits you!
You die...

######## , #####......#
#..........#### ≈ *
##.#.....#.....# * ,
#..........###.#
###..#.⌠.⌠.#.###.##
..................####
####.#.....#....@....#≈
####...._.....#†g.......
.....#.....#..#....#.#.≈
≈ ...................#
.≈ .....#.⌠.⌠.#.##..#.#
.. ).)..........##..#.#*
, .†...#.....#.##...#.
.........., #.## ##
.......... ,


You could see Ijyb.

Vanquished Creatures
  An orc priest (D:3)
  Natasha (thrice) (D:2)
  A gnoll (D:1)
  An adder (D:2)
  4 orcs (D:3)
  2 ball pythons (D:1)
  2 endoplasms (D:1)
  2 giant cockroaches (D:1)
  A goblin (D:1)
  2 hobgoblins (D:1)
  5 jackals
  A quokka (D:3)
  5 bats (D:1)
  2 kobolds
  A rat (D:2)
33 creatures vanquished.

Notes
Turn   | Place    | Note
-------+----------+-------------------------------------------
     0 | D:1      | pikapanic123 the Deep Dwarf Fighter began the quest for the
                  | Orb.
     0 | D:1      | Reached XP level 1. HP: 20/20 MP: 1/1
   130 | D:1      | Reached XP level 2. HP: 22/27 MP: 2/2
   323 | D:1      | Found a faded altar of an unknown god.
   668 | D:1      | Reached XP level 3. HP: 23/33 MP: 3/3
  1385 | D:2      | Found an ornate altar of the Wu Jian Council.
  1482 | D:2      | Noticed Natasha
  1489 | D:2      | Killed Natasha
  1490 | D:2      | Reached XP level 4. HP: 26/40 MP: 0/4
  1531 | D:2      | Noticed Natasha
  1542 | D:2      | Killed Natasha
  1556 | D:2      | Noticed Natasha
  1570 | D:2      | Killed Natasha
  1912 | D:3      | Found a white marble altar of Elyvilon.
  1937 | D:3      | Reached XP level 5. HP: 3/49 MP: 0/5
  1972 | D:3      | Noticed Ijyb
  1984 | D:3      | HP: 2/49 [Ijyb/puff of flame (4)]
  1987 | D:3      | Killed from afar by Ijyb

Illustrated notes

Levels and vault maps discovered:
D:1:      enne_arrival_octagon_isle, layout_loops_ring, serial_forest,
          infiniplex_forest_clump_double, infiniplex_forest_corner_1,
          infiniplex_forest_clump_double, infiniplex_forest_diagonal,
          infiniplex_forest_lined_ring, infiniplex_forest_straight_1,
          infiniplex_forest_clump_small, infiniplex_forest_clump_small,
          basic_ecumenical_altar
D:2:      layout_basic, basic_altar, minivault_23, uniq_natasha
D:3:      layout_loops_ring, nicolae_uskayaw_suspiria, lemuel_tele_altar,
          mainiacjoe_overflow_paths, elyvilon_altar_5, serial_shops,
          nicolae_shop_crystal, portal_sewer_entry_b, glass_columns_a,
          minmay_box_of_dots, uniq_ijyb, uniq_crazy_yiuf_cottage

Skill      XL: |  1  2  3  4 |
---------------+-------------+-----
Shields        | 4 |  4.8
Armour         | 4 |  4.4
Fighting       | 3 |  3.0
Axes           | 3 |  3.1
Dodging        | |  0.6

Action                   |  1- 3 |  4- 6 || total
-------------------------+-------+-------++-------
Melee: War axe           |    86 |    52 ||   138
 Abil: Heal Wounds       |       |     2 ||     2
  Use: Scroll            |       |     1 ||     1
Armor: Scale mail        |    53 |    23 ||    76
Dodge: Dodged            |    27 |    19 ||    46
Block: Kite shield       |    75 |    40 ||   115
